 Dungeon Crawl Stone Soup version 0.30-a0-737-gf23d94013f (webtiles) character file.

Game seed: 6111057987731398653

1318 sircluck the Cleaver (level 8, 0/70 HPs)
             Began as a Hill Orc Fighter on Feb 2, 2023.
             Slain by Pikel
             ... wielding a +1 whip of flaming
              (5 damage)
             ... on level 6 of the Dungeon.
             The game lasted 00:13:58 (4469 turns).

sircluck the Cleaver (Hill Orc Fighter)             Turns: 4469, Time: 00:13:58

Health: 0/70       AC: 16    Str: 21    XL:     8   Next: 59%
Magic:  8/8        EV:  6    Int:  8    God:
Gold:   253        SH:  5    Dex: 16    Spells: 7/7 levels left

rFire   . . .      SeeInvis .    a - +2 war axe
rCold   . . .      Faith    .    c - +0 buckler
rNeg    . . .      Spirit   .    t - +3 plate armour
rPois   .          Reflect  .    m - +0 helmet
rElec   .          Harm     .    (no cloak)
rCorr   .          Rampage  .    (no gloves)
Will    .....                    (no boots) Stlth
                                 (no amulet)
HPRegen 0.31/turn                i - +6 ring of dexterity
MPRegen 0.11/turn                (no ring)

@: no status effects
A: no striking features
a: no special abilities


You were on level 6 of the Dungeon.
You visited 2 branches of the dungeon, and saw 7 of its levels.

You collected 253 gold pieces.

Inventory:

Hand Weapons
 a - a +2 war axe (weapon)
Missiles
 d - a throwing net
 f - 2 atropa-tipped darts
 g - 33 stones (quivered)
 q - 17 large rocks
 v - 4 poisoned darts
 x - 5 boomerangs
Armour
 b - a +0 scale mail
 c - a +0 buckler (worn)
 m - a +0 helmet (worn)
 t - a +3 plate armour (worn)
Jewellery
 i - a +6 ring of dexterity (left hand)
Scrolls
 h - 3 scrolls of identify
 k - 3 scrolls of teleportation
 l - a scroll of enchant weapon
 p - a scroll of fog
Potions
 e - 2 potions of degeneration {unknown}
 j - 2 potions of heal wounds {unknown}
 n - a potion of resistance {unknown}
 o - a potion of curing {unknown}
 s - a potion of invisibility {unknown}
 u - a potion of flight {unknown}
 w - a potion of attraction {unknown}


   Skills:
 + Level 6.1 Fighting
 + Level 9.5 Axes
 + Level 0.1 Throwing
 + Level 5.5 Armour
 + Level 1.6 Dodging
 + Level 1.0 Stealth
 + Level 5.0 Shields


You had 7 spell levels left.
You didn't know any spells.
Your spell library contained the following spells:

 Spells                   Type           Power      Damage    Failure   Level
 Dazzling Flash           Conj/Hex       0%         N/A       100%        3
 Inner Flame              Hex/Fire       0%         N/A       100%        3
 Flame Wave               Conj/Fire      0%         2d4       100%        4
 Iskenderun's Mystic Bla  Conj/Tloc      0%         2d3       100%        4
 Sticky Flame             Conj/Fire      0%         2d3       100%        4
 Agony                    Necr           0%         N/A       100%        5
 Silence                  Hex/Air        0%         N/A       100%        5
 Starburst                Conj/Fire      0%         6d3       100%        6


Dungeon Overview and Level Annotations

Branches:
Dungeon (6/15)             Temple (1/1) D:5

Altars:
Cheibriados
Elyvilon
Fedhas
Gozag
Hepliaklqana
Makhleb
Nemelex Xobeh
Okawaru
Qazlal
Ru
Sif Muna
Uskayaw
Vehumet
Xom
Yredelemnul
Zin
The Shining One

Annotations:
D:6 Pikel


Message History

The bullfrog is almost dead.
You hit the lemure. x2; You slash the lemure!
You hit Pikel.
Pikel hits you with a +1 whip of flaming!
Pikel burns you. The bullfrog completely misses you.
The lemure hits you but does no damage. The lemure barely misses you.
The lemure hits you.
You hit the bullfrog.
You kill the bullfrog!
You closely miss the lemure. You hit Pikel. You hit the lemure. x2
Pikel hits you but does no damage.
Pikel hits you with a +1 whip of flaming!
Pikel burns you. You block the lemure's attack.
The lemure hits you but does no damage. The lemure hits you.
Your Fighting skill increases to level 6!
You completely miss the lemure.
You hit the lemure. x3; You slash Pikel!
Pikel hits you with a +1 whip of flaming.
Pikel burns you. The lemure hits you but does no damage.
The lemure closely misses you.
The lemure hits you but does no damage. x2
Pikel hits you but does no damage.
You slash the lemure!
The lemure is moderately wounded.
You slash the lemure! You hit the lemure. You closely miss the lemure.
You closely miss Pikel. Pikel hits you but does no damage. The lemure hits you.
The lemure hits you but does no damage. x3
You slash Pikel!
Pikel is heavily wounded.
You barely miss the lemure. x2; You slash the lemure!
You barely miss the lemure. Pikel hits you but does no damage.
The lemure barely misses you. The lemure hits you.
The lemure completely misses you. The lemure hits you.
Pikel hits you with a +1 whip of flaming!
* * * LOW HITPOINT WARNING * * *
Pikel burns you.
* * * LOW HITPOINT WARNING * * *
As you read the scroll of fog, it crumbles to dust.
The scroll dissolves into smoke.
Pikel hits you with a +1 whip of flaming!
* * * LOW HITPOINT WARNING * * *
Pikel burns you.
You die...

#....##≈#≈≈#≈ ..
#....#≈≈≈≈≈≈≈≈ ....
#....≈≈#≈≈≈#≈≈#...
###..##≈≈≈≈≈≈##..
##..#≈≈#≈≈≈ ..##
#..~##≈≈###...#
#....≈~##.§...###
#........§§5....#.
##....#..#@5......
#.....##.55K......
###...........§.....
#<.........##.......
###..........#......
###...#....#......
#...###.........
##### .####.... .#
....


You could see Pikel (berserk) and 4 lemures.

Vanquished Creatures
  Grinder (D:4)
  The ghost of snackwell the Insei, an amateur MfTm (D:3)
  An ice beast (D:4)
  An ogre (D:4)
  2 bullfrogs (D:6)
  A scorpion (D:5)
  A necrophage (D:6)
  An electric eel (D:6)
  A hound (D:5)
  An orc priest (D:5)
  4 iguanas
  Natasha (D:4)
  An orc wizard (D:4)
  4 gnolls (D:3)
  11 adders
  A worm (D:2)
  3 dart slugs
  20 orcs
  7 ball pythons
  4 endoplasms
  A giant cockroach (D:1)
  8 goblins
  6 hobgoblins
  3 quokkas
  9 bats
  A frilled lizard (D:1)
  8 kobolds
  3 rats
106 creatures vanquished.

Notes
Turn   | Place    | Note
-------+----------+-------------------------------------------
     0 | D:1      | sircluck the Hill Orc Fighter began the quest for the Orb.
     0 | D:1      | Reached XP level 1. HP: 19/19 MP: 1/1
   152 | D:1      | Reached XP level 2. HP: 27/27 MP: 2/2
   191 | D:1      | Reached skill level 3 in Axes
   575 | D:1      | Reached XP level 3. HP: 33/33 MP: 3/3
   773 | D:2      | Reached skill level 4 in Axes
  1148 | D:2      | Reached XP level 4. HP: 39/40 MP: 4/4
  1724 | D:3      | Reached XP level 5. HP: 15/46 MP: 5/5
  1861 | D:3      | Reached skill level 5 in Axes
  1876 | D:3      | Found a runed translucent gate.
  1876 | D:3      | Found a runed translucent gate.
  1876 | D:3      | Found a runed translucent gate.
  1877 | D:3      | Noticed snackwell's ghost (amateur MfTm)
  2114 | D:3      | Found a basalt altar of Yredelemnul.
  2385 | D:3      | Killed snackwell's ghost
  2386 | D:3      | Reached skill level 6 in Axes
  2386 | D:3      | Reached skill level 1 in Dodging
  2386 | D:3      | Reached XP level 6. HP: 53/53 MP: 6/6
  2437 | D:4      | Noticed Grinder
  2443 | D:4      | Paralysed by Grinder for 2 turns
  2448 | D:4      | Killed Grinder
  2449 | D:4      | Reached skill level 7 in Axes
  2449 | D:4      | Reached XP level 7. HP: 17/60 MP: 7/7
  2455 | D:4      | Reached skill level 5 in Armour
  3037 | D:4      | Found an opulent altar of Gozag.
  3089 | D:4      | Noticed Natasha
  3096 | D:4      | Killed Natasha
  3097 | D:4      | Reached skill level 1 in Stealth
  3114 | D:4      | Reached skill level 5 in Fighting
  3275 | D:4      | Reached skill level 8 in Axes
  3402 | D:5      | Entered Level 5 of the Dungeon
  3439 | D:5      | Reached XP level 8. HP: 67/68 MP: 8/8
  3574 | D:5      | Found a staircase to the Ecumenical Temple.
  3600 | Temple   | Entered the Ecumenical Temple
  3816 | D:5      | Found a blossoming altar of Fedhas.
  4206 | D:6      | Reached skill level 9 in Axes
  4453 | D:6      | Noticed Pikel
  4464 | D:6      | Reached skill level 5 in Shields
  4469 | D:6      | Slain by Pikel

Illustrated notes

Levels and vault maps discovered:
D:1:      dpeg_arrival_fog, layout_loops_cross
D:2:      layout_basic, minmay_3d_cube
D:3:      layout_loops_ring, mainiacjoe_overflow_24_doors,
          ebering_ghost_rock_garden, st_stairs_10
D:4:      layout_basic, lemuel_coloured_pillars_altar, uniq_blork_the_orc,
          uniq_eustachio, uniq_grinder, uniq_natasha
D:5:      layout_loops_ring, mainiacjoe_overflow_alcove_2,
          minmay_temple_entry_offerings
D:6:      layout_cave_pools, minivault_4, minivault_14, uniq_pikel,
          uniq_crazy_yiuf_cottage
Temple:   eino_temple_lava

Skill      XL: |  1  2  3  4  5  6  7  8 |
---------------+-------------------------+-----
Axes           | 3 4 6 7 8 9 |  9.5
Fighting       | 4 5 6 |  6.1
Armour         | 4 5 |  5.5
Dodging        | 1 |  1.6
Shields        | 4 5 |  5.0
Stealth        | 1 |  1.0
Throwing       | |  0.1

Action                     |  1- 3 |  4- 6 |  7- 9 || total
---------------------------+-------+-------+-------++-------
  Melee: War axe           |    86 |   101 |   134 ||   321
  Throw: Stone             |       |       |    14 ||    14
    Use: Potion            |       |     2 |     1 ||     3
         Scroll            |       |       |    12 ||    12
 Armour: Scale mail        |    59 |    53 |     1 ||   113
         Plate armour      |       |       |    76 ||    76
  Dodge: Dodged            |    44 |    43 |    38 ||   125
  Block: Buckler           |    22 |    28 |    30 ||    80

Table legend: (Time is in decaauts)
 A = Elapsed time spent in this place.
 B = Non-inter-level travel time spent in this place.
 C = Inter-level travel time spent in this place.
 D = Time resting spent in this place.
 E = Time spent auto-exploring this place.
 F = Levels seen in this place.
 G = Mean time per level.
                   A        B        C        D        E       F      G
               +--------+--------+--------+--------+--------+-----+--------+
         Total |   4549 |   4425 |    124 |    419 |   2421 |   7 |  649.9 |
       Dungeon |   4478 |   4354 |    124 |    419 |   2372 |   6 |  746.3 |
        Temple |     70 |     70 |      0 |      0 |     49 |   1 |   70.0 |
               +--------+--------+--------+--------+--------+-----+--------+

Top non-repeatable levels by time:
     D:2: 1004 daAuts
     D:4: 974 daAuts
     D:3: 782 daAuts
     D:5: 726 daAuts
     D:1: 709 daAuts
     D:6: 281 daAuts
  Temple: 70 daAuts
